 Seeded DCSS version 0.31-a0-344-gd109795599 (webtiles) character file.

Game seed: 4923154946239467388 (custom seed)

100055 bmack86 the Severer (level 15, -3/151 HPs)
             Began as a Minotaur Fighter on July 22, 2023.
             Was the Champion of Okawaru.
             Slain by Sonja
             ... wielding a +0 dagger of distortion
              (19 damage)
             ... on level 2 of the Lair of Beasts.
             The game lasted 01:04:39 (19576 turns).

bmack86 the Severer (Minotaur Fighter)             Turns: 19576, Time: 01:04:40

Health: -3/151     AC: 29    Str: 25    XL:     15   Next: 79%
Magic:  7/7        EV: 14    Int:  6    God:    Okawaru [******]
Gold:   224        SH:  0    Dex: 14    Spells: 14/14 levels left

rFire   . . .        U - +8 Wrath of Trog {antimagic, *Rage Rampage}
rCold   . . .        (shield currently unavailable)
rNeg    . . .        a - +1 storm dragon scales of the Planets {rElec rPois}
rPois   +            N - +2 hat
rElec   +            Y - +0 cloak {rCorr}
rCorr   +            h - +2 pair of gloves {Stlth+}
SInv    .            E - +2 pair of boots
Will    ++...        (no amulet) Stlth
                     j - +5 ring of evasion
HPRegen 0.45/turn    T - ring of willpower
MPRegen 0.10/turn

%: random rage (50%), rampage
@: on berserk cooldown, slowed, very slow
A: horns 2, retaliatory headbutt, agile 1, teleportitis 1, inability to read
after injury 1
a: Renounce Religion, Heroism, Finesse, Duel


You were on level 2 of the Lair of Beasts.
You worshipped Okawaru.
Okawaru was exalted by your worship.
You visited 3 branches of the dungeon, and saw 18 of its levels.
You visited the Abyss 1 time.
You also visited: Sewer, Bailey and Gauntlet.

You collected 978 gold pieces.
You spent 754 gold pieces at shops.

Inventory:

Hand Weapons
 i - the +5 war axe of the Final Decision {heavy, rElec rPois Dex+5}
   (Okawaru gifted it to you on level 2 of the Abyss)

   Dex:       It affects your dexterity (+5).
   rElec:     It insulates you from electricity.
   rPois:     It protects you from poison.
 H - the +7 broad axe of the Revolution {venom, rPois rF+ Stlth+}
   (Okawaru gifted it to you on level 10 of the Dungeon)

   rF:        It protects you from fire.
   rPois:     It protects you from poison.
   Stlth:     It makes you more stealthy.
 M - a +2 broad axe
 U - the +8 Wrath of Trog (weapon) {antimagic, *Rage Rampage}
   (You acquired it on level 2 of the Dungeon)

   It causes slowness and exhaustion when equipped.
   It extends the wielder's berserk rage when killing foes.
   *Rage:     It berserks you when you make melee attacks (+50% chance).
   Rampage:   It bestows one free step when moving towards enemies.
Missiles
 k - 21 boomerangs
 t - a curare-tipped dart
 z - 9 javelins
 I - 4 throwing nets
 P - 3 silver javelins (quivered)
Armour
 a - the +1 storm dragon scales of the Planets (worn) {rElec rPois}
   (Okawaru gifted it to you on level 14 of the Dungeon)

   rElec:     It insulates you from electricity.
   rPois:     It protects you from poison.
 h - a +2 pair of gloves of stealth (worn)
 p - a +3 plate armour
 E - a +2 pair of boots (worn)
 N - a +2 hat (worn)
 Y - a +0 cloak of preservation (worn)
 Z - a scarf of repulsion
Jewellery
 f - a ring of protection from cold
 j - a +5 ring of evasion (left hand)
 D - an amulet of faith
 R - the ring of Life {Fire Str+2 Int+3}
   (You found it on level 15 of the Dungeon)

   [ring of fire]

   It enhances your fire magic.
   Str:       It affects your strength (+2).
   Int:       It affects your intelligence (+3).
   rF:        It protects you from fire.
   rC:        It makes you vulnerable to cold.
 T - a ring of willpower (right hand)
Wands
 C - a wand of acid (11)
 G - a wand of paralysis (14)
 J - a wand of flame (15)
 Q - a wand of roots (7)
 S - a wand of polymorph (2)
Scrolls
 d - a scroll of revelation
 e - a scroll of enchant armour
 g - 4 scrolls of poison
 l - 3 scrolls of blinking
 v - 7 scrolls of teleportation
 y - 2 scrolls of fog
 W - 2 scrolls of fear
Potions
 b - 3 potions of cancellation
 n - 6 potions of curing
 q - 7 potions of invisibility
 r - a potion of might
 s - 3 potions of ambrosia
 x - 2 potions of lignification
 A - a potion of enlightenment
 F - a potion of haste
 K - a potion of mutation
Miscellaneous
 c - a phial of floods


   Skills:
 - Level 18.8 Fighting
 * Level 19.9 Axes
 - Level 6.2 Throwing
 + Level 15.2 Armour
 - Level 9.3 Shields
 - Level 11.4 Invocations


You had 14 spell levels left.
You didn't know any spells.
Your spell library contained the following spells:

 Spells                   Type           Power      Damage    Failure   Level
 Sandblast                Erth           0%         2d4       89%         1
 Slow                     Hex            0%         N/A       89%         1
 Ensorcelled Hibernation  Hex/Ice        0%         N/A       96%         2
 Lesser Beckoning         Tloc           0%         N/A       96%         2
 Passwall                 Tmut/Erth      0%         N/A       96%         2
 Dazzling Flash           Conj/Hex       0%         N/A       99%         3
 Gell's Gravitas          Tloc           0%         N/A       99%         3
 Inner Flame              Hex/Fire       0%         N/A       99%         3
 Stone Arrow              Conj/Erth      0%         3d7       99%         3
 Swiftness                Air            0%         N/A       99%         3
 Teleport Other           Tloc           0%         N/A       99%         3
 Vhi's Electric Charge    Tloc/Air       0%         N/A       99%         3
 Airstrike                Air            0%         2d(0-16)  100%        4
 Anguish                  Hex/Necr       0%         N/A       100%        4
 Cause Fear               Hex            0%         N/A       100%        4
 Petrify                  Tmut/Erth      0%         N/A       100%        4
 Agony                    Necr           0%         N/A       100%        5
 Alistair's Intoxication  Tmut/Pois      0%         N/A       100%        5
 Arcjolt                  Conj/Air       0%         1d10      100%        5
 Fireball                 Conj/Fire      0%         3d3       100%        5
 Silence                  Hex/Air        0%         N/A       100%        5
 Yara's Violent Unravell  Hex/Tmut       0%         3d3       100%        5
 Conjure Ball Lightning   Conj/Air       0%         3x3d6     100%        6
 Enfeeble                 Hex            0%         N/A       100%        7
 Discord                  Hex            0%         N/A       100%        8
 Disjunction              Tloc           0%         N/A       100%        8
 Maxwell's Capacitive Co  Air            0%         ∞         100%        8
 Dragon's Call            Summ           Unusable   N/A       N/A         9

Dungeon Overview and Level Annotations

Branches:
Dungeon (15/15)            Temple (1/1) D:5            Lair (2/5) D:11
  Swamp (0/4) Lair:2          Orc (0/2) D:10         Vaults (0/5) D:14
 Depths (0/4) D:15          Sewer (visited)          Bailey (visited)
Gauntlet (visited)
  Snake: Lair:2-3    Spider: Lair:2-3

Altars:
Ashenzari
Cheibriados
Dithmenos
Elyvilon
Fedhas
Gozag
Hepliaklqana
Kikubaaqudgha
Makhleb
Nemelex Xobeh
Okawaru
Qazlal
Ru
Sif Muna
Trog
Uskayaw
Vehumet
Wu Jian
Xom
Yredelemnul
Zin
The Shining One

Shops:
D:2 ?   D:4 ?*(   D:10 (   D:15 [

Annotations:
Lair:2 Sonja


Innate Abilities, Weirdness & Mutations

You have a pair of horns on your head.
You reflexively headbutt those who attack you in melee.
You are agile. (Dex +4, Str/Int -1)
You are occasionally teleported next to monsters.
You occasionally lose the ability to read scrolls when taking damage.


Message History

You hit the reaper.
The reaper is moderately wounded.
The reaper hits you with a +3 heavy scythe!!
* * * LOW HITPOINT WARNING * * *
You slash the reaper!
The reaper is heavily wounded.
You hit the reaper.
The reaper is heavily wounded.
You slice the reaper!!
The reaper is severely wounded.
The reaper hits you but does no damage.
You slice the reaper!!
You feel the ancient rage of your axe.
You kill the reaper!
Okawaru accepts your kill.
The substance of the Abyss twists violently, and a gateway leading out appears!
There is a gateway leading out of the Abyss here.
You see here a +3 heavy scythe.
You feel a strong urge to attack something.
You pass through the gate.
Welcome back to the Lair of Beasts!
Level annotation: Sonja You are no longer berserk.
You are exhausted.
You feel yourself slow down.
Sonja casts a spell.
Sonja blinks!
Sonja throws a curare-tipped dart.
The curare-tipped dart hits you.
Blink to where?
Press: ? - help, Dir - move target
As you read the scroll of blinking, it crumbles to dust.
A cane toad comes into view.
Sonja hits you with a +0 dagger of distortion.
* * * LOW HITPOINT WARNING * * *
Space warps around you.
* * * LOW HITPOINT WARNING * * *
Sonja completely misses you. Sonja barely misses you.
Sonja hits you but does no damage. x2; Space warps around you.
* * * LOW HITPOINT WARNING * * *
Sonja hits you but does no damage. Space warps horribly around you!!
You die...

*,*,**,,,*,*,*,******,*,
*,>,,,,,,.F.,,,,,,,,,,,,
*,,,,*,,,..*,*,,**,*,,*,
**,******.##*,,,********
**,,* *#..***,>*,,*****
*,,** ##.'##**,,**,,,,*,
*#,* ##....#*,,,***,,,**
#.###.K^.#***,,***,,,**
#...§.@..# *,,,,**,,,**
#.P#.#...# **...**#.,**
*,*##§.###***..###..***
**,,*#..#PP#*,.....#.***
*,,,*##....P##.......,,,
**,,,........>.......,,,
*..,,................,,,
*#..,................,,,
#.#*,*##............,,,


You could see a cane toad (wandering) and Sonja.

Vanquished Creatures
  Jorgrun (D:14)
  A reaper (Abyss:2)
  A very ugly thing (Abyss:2)
  Snorg (D:11)
  A minotaur (Gauntlet)
  A fire dragon (shapeshifter) (D:15)
  A blizzard demon (Abyss:2)
  A great orb of eyes (Abyss:2)
  2 hydras
  8 vault guards (D:14)
  4 ogre magi (D:15)
  Harold (D:10)
  A catoblepas (D:14)
  3 boulder beetles (D:15)
  7 centaur warriors
  2 tengu warriors
  16 two-headed ogres
  6 thrashing horrors
  2 wretched stars (Abyss:2)
  11 skeletal warriors
  4 wizards
  A necromancer (D:15)
  A wolf spider zombie (D:13)
  3 deep elf pyromancers
  2 oklob plants (D:11)
  An orc sorcerer (D:15)
  An orc knight (Bailey)
  4 manticores
  A deep elf zephyrmancer (D:12)
  14 ugly things
  4 cyclopes
  A worldbinder (Abyss:2)
  5 centaur zombies (D:13)
  A black mamba (Lair:1)
  A guardian serpent (shapeshifter) (D:14)
  A naga mage (D:15)
  A gargoyle (D:13)
  3 elephants (Gauntlet)
  7 cane toads
  A centaur skeleton (D:15)
  A torpor snail (Gauntlet)
  A freezing wraith (D:14)
  A rime drake (Lair:2)
  5 komodo dragons
  An efreet (Gauntlet)
  6 kobold demonologists
  A tengu conjurer (D:14)
  3 ancient zymes (Abyss:2)
  A queen bee (shapeshifter) (D:15)
  4 trolls
  3 meliai (D:14)
  A tyrant leech (Lair:2)
  A hornet (D:5)
  A wolf spider simulacrum (D:15)
  4 polar bears (Lair:2)
  Prince Ribbit (D:5)
  5 blink frogs (Lair:1)
  2 meliai zombies (D:13)
  15 slime creatures (D:13)
  A centaur simulacrum (D:15)
  2 vampires (D:13)
  A wraith (D:10)
  20 yaks
  A hog (shapeshifter) (D:13)
  2 basilisks (Lair:1)
  4 shadows
  Eustachio (D:6)
  3 fire elementals (Gauntlet)
  3 large abominations (Abyss:2)
  2 chaos spawn (Abyss:2)
  2 neqoxecs (Abyss:2)
  2 steam dragons
  3 vampire mosquitoes (D:12)
  2 acid dragons
  A swamp worm (Lair:2)
  6 water moccasins
  3 hell hounds (Gauntlet)
  An ice beast (D:8)
  14 orc warriors
  2 sky beasts
  Pargi (Sewer)
  8 black bears
  10 ogres
  16 centaurs
  3 small abominations
  A phantom (D:7)
  2 kobold brigands
  3 gnoll sergeants
  10 bullfrogs
  2 scorpions
  9 wights
  14 killer bees
  7 electric eels
  A howler monkey (D:11)
  A hound (D:5)
  10 orc priests
  12 starcursed masses (Abyss:2)
  3 jellies
  12 orc wizards
  Terence (D:2)
  A boggart zombie (D:15)
  Robin (D:2)
  15 gnolls
  5 adders
  2 shadow imps
  3 white imps
  An ufetubus (D:4)
  2 worms (D:2)
  3 dart slugs (D:2)
  81 orcs
  10 endoplasms
  A giant cockroach (D:1)
  24 goblins
  22 hobgoblins
  6 jackals
  9 quokkas
  9 ball pythons
  4 bats
  4 frilled lizards
  24 kobolds
  3 rats
617 creatures vanquished.

Vanquished Creatures (others)
  An orc (Bailey)
1 creature vanquished.

Grand Total: 618 creatures vanquished

Notes
Turn   | Place    | Note
-------+----------+-------------------------------------------
     0 | D:1      | bmack86 the Minotaur Fighter began the quest for the Orb.
     0 | D:1      | Reached XP level 1. HP: 19/19 MP: 0/0
    71 | D:1      | Reached skill level 3 in Axes
    74 | D:1      | Reached XP level 2. HP: 26/26 MP: 1/1
   253 | D:1      | Reached skill level 4 in Axes
   552 | D:1      | Reached XP level 3. HP: 31/31 MP: 2/2
   854 | D:2      | Identified the +1 helmet "Ankuthreh" {rF+}
   854 | D:2      | Noticed Robin
   868 | D:2      | Reached skill level 5 in Axes
   868 | D:2      | Killed Robin
   975 | D:2      | Reached XP level 4. HP: 36/39 MP: 3/3
  1053 | D:2      | Noticed Terence
  1066 | D:2      | Killed Terence
  1067 | D:2      | Reached skill level 6 in Axes
  1267 | D:2      | Found Zovaezeh's Magic Scroll Emporium.
  1280 | D:2      | Bought a scroll of identify for 26 gold pieces
  1286 | D:2      | Identified the +4 trident "Tiysor" {drain, *Rage Int+6}
  1454 | D:3      | Reached XP level 5. HP: 45/45 MP: 4/4
  2038 | D:3      | Reached skill level 7 in Axes
  2422 | D:4      | Noticed an ogre
  2427 | D:4      | Killed an ogre
  2428 | D:4      | Reached XP level 6. HP: 37/51 MP: 5/5
  2669 | D:4      | Found Tymnis's Magic Scroll Emporium.
  2678 | D:4      | Bought a scroll of identify for 26 gold pieces
  2678 | D:4      | Bought a scroll of identify for 26 gold pieces
  2689 | D:4      | Reached skill level 8 in Axes
  2777 | D:4      | Found Jiogroq's Antique Weapon Emporium.
  3095 | D:4      | Found Macyad's Assorted Antiques.
  3208 | D:5      | Entered Level 5 of the Dungeon
  3210 | D:5      | Identified a scroll of acquirement
  3210 | D:5      | Acquired a manual of Axes
  3252 | D:5      | Reached skill level 9 in Axes
  3297 | D:5      | Found a glowing drain.
  3302 | Sewer    | Entered a sewer
  3305 | Sewer    | Noticed Pargi
  3314 | Sewer    | Killed Pargi
  3315 | Sewer    | Reached skill level 10 in Axes
  3315 | Sewer    | Reached XP level 7. HP: 56/57 MP: 6/6
  3529 | D:5      | Noticed a yak
  3529 | D:5      | Noticed a yak
  3538 | D:5      | Killed a yak
  3539 | D:5      | Reached skill level 11 in Axes
  3542 | D:5      | Noticed a yak
  3542 | D:5      | Noticed a yak
  3544 | D:5      | Killed a yak
  3545 | D:5      | Reached skill level 12 in Axes
  3549 | D:5      | Killed a yak
  3550 | D:5      | Reached skill level 13 in Axes
  3550 | D:5      | Reached XP level 8. HP: 59/64 MP: 7/7
  3550 | D:5      | Noticed a hornet
  3553 | D:5      | Reached skill level 14 in Axes
  3562 | D:5      | Killed a hornet
  3563 | D:5      | Reached skill level 15 in Axes
  3852 | D:5      | Found a staircase to the Ecumenical Temple.
  3862 | Temple   | Entered the Ecumenical Temple
  3880 | Temple   | Became a worshipper of Warmaster Okawaru
  4006 | D:5      | Found Piunuf's Book Boutique.
  4013 | D:5      | Noticed Prince Ribbit
  4019 | D:5      | Reached skill level 16 in Axes
  4031 | D:5      | Killed Prince Ribbit
  4146 | D:5      | Reached * piety under Okawaru
  4147 | D:5      | Reached skill level 17 in Axes
  4233 | D:5      | Found an opulent altar of Gozag.
  4371 | D:6      | Reached XP level 9. HP: 60/70 MP: 8/8
  4529 | D:6      | Noticed Eustachio
  4546 | D:6      | Killed Eustachio
  4943 | D:6      | Reached skill level 18 in Axes
  5240 | D:7      | Reached skill level 1 in Invocations
  5325 | D:7      | Reached ** piety under Okawaru
  5518 | D:7      | Reached skill level 5 in Fighting
  5572 | D:7      | Found a white marble altar of Elyvilon.
  5768 | D:7      | Found a stormy altar of Qazlal.
  6136 | D:8      | Reached skill level 5 in Armour
  6560 | D:8      | Reached XP level 10. HP: 70/84 MP: 11/11
  6665 | D:8      | Reached *** piety under Okawaru
  6925 | D:8      | Found a shimmering altar of Xom.
  6934 | D:8      | Found a sacrificial altar of Ru.
  7288 | D:8      | Found a bloodstained altar of Trog.
  7648 | D:9      | Reached **** piety under Okawaru
  8328 | D:10     | Entered Level 10 of the Dungeon
  8346 | D:10     | Found a flagged portal.
  8348 | D:10     | Noticed a two-headed ogre
  8369 | D:10     | Killed a two-headed ogre
  8370 | D:10     | Reached skill level 10 in Fighting
  8370 | D:10     | Reached skill level 5 in Invocations
  8484 | Bailey   | Entered a bailey
  8626 | Bailey   | Reached ***** piety under Okawaru
  8706 | Bailey   | Reached XP level 11. HP: 74/101 MP: 14/14
  8960 | Bailey   | Noticed an orc knight
  8976 | Bailey   | Killed an orc knight
  9181 | Bailey   | Reached XP level 12. HP: 113/113 MP: 14/16
  9489 | D:10     | Found Aramyk's Weapon Shoppe.
  9496 | D:10     | Noticed a two-headed ogre
  9503 | D:10     | Killed a two-headed ogre
  9648 | D:10     | Noticed Harold
  9664 | D:10     | Killed Harold
  9664 | D:10     | Identified the +7 broad axe of the Revolution {venom, rPois
                  | rF+ Stlth+} (Okawaru gifted it to you on level 10 of the
                  | Dungeon)
  9664 | D:10     | Received a gift from Okawaru
 10178 | D:10     | Found a staircase to the Orcish Mines.
 10281 | D:11     | Found a staircase to the Lair.
 10865 | D:11     | Reached skill level 10 in Armour
 10927 | D:11     | Noticed Snorg
 10935 | D:11     | Killed Snorg
 11371 | D:12     | Received a gift from Okawaru
 11378 | D:12     | Got the Almanac of Dhcmrlchtdj
 11468 | D:12     | Got Ts'ui Pên's Quarto of Forking Paths
 11596 | D:12     | Got the Volume of Combed Thunderclap
 12309 | D:13     | Identified the +3 chain mail of the Flute {Dex+4 SInv}
                  | (Okawaru gifted it to you on level 13 of the Dungeon)
 12309 | D:13     | Received a gift from Okawaru
 12421 | D:13     | Reached ****** piety under Okawaru
 12422 | D:13     | Reached XP level 13. HP: 125/125 MP: 18/18
 12585 | D:13     | Reached skill level 15 in Fighting
 13627 | D:13     | Received a gift from Okawaru
 13823 | D:14     | Reached skill level 1 in Throwing
 14330 | D:14     | Identified the +1 storm dragon scales of the Planets {rElec
                  | rPois} (Okawaru gifted it to you on level 14 of the
                  | Dungeon)
 14330 | D:14     | Received a gift from Okawaru
 14361 | D:14     | Noticed Jorgrun
 14377 | D:14     | Killed Jorgrun
 14378 | D:14     | Reached skill level 10 in Invocations
 14378 | D:14     | Reached XP level 14. HP: 119/138 MP: 20/20
 14585 | D:14     | HP: 6/140 [vault guard/+3 great sword (17)]
 14850 | D:14     | Found a gate to the Vaults.
 15266 | D:15     | Entered Level 15 of the Dungeon
 15284 | D:15     | Paralysed by an ogre mage for 3 turns
 15553 | D:15     | Identified the +2 hand crossbow of Autumn {heavy, +Blink
                  | rC+} (Okawaru gifted it to you on level 15 of the Dungeon)
 15553 | D:15     | Received a gift from Okawaru
 15708 | D:15     | Identified the ring of Life {Fire Str+2 Int+3}
 15769 | D:15     | Reached skill level 5 in Throwing
 15981 | D:15     | Found Hupiem's Armour Emporium.
 16207 | D:15     | Identified the +1 leather armour of the Shore {+Blink rF-
                  | rN+}
 16350 | D:15     | Found a staircase to the Depths.
 16360 | D:15     | Received a gift from Okawaru
 16484 | D:15     | Reached XP level 15. HP: 141/150 MP: 22/22
 16883 | D:15     | Identified the +0 ring mail of Parlour Games {rN+} (Okawaru
                  | gifted it to you on level 15 of the Dungeon)
 16883 | D:15     | Received a gift from Okawaru
 17259 | D:2      | Bought a scroll of acquirement for 676 gold pieces
 17259 | D:2      | Acquired the +8 Wrath of Trog {antimagic, *Rage Rampage}
 17259 | D:2      | Found the +8 Wrath of Trog {antimagic, *Rage Rampage}
 17428 | Lair:1   | Entered Level 1 of the Lair of Beasts
 18304 | Lair:2   | Found a gate leading to a gauntlet.
 18479 | Gauntlet | Entered a Gauntlet
 18479 | Gauntlet | Found a transporter.
 18479 | Gauntlet | Found a transporter.
 18480 | Gauntlet | Found a transporter.
 18482 | Gauntlet | Found a transporter.
 18483 | Gauntlet | Found a transporter.
 18483 | Gauntlet | Found a transporter.
 18500 | Gauntlet | Found a transporter.
 18504 | Gauntlet | Found a transporter.
 18506 | Gauntlet | Found a large runed translucent door.
 18507 | Gauntlet | Found a large runed translucent door.
 18508 | Gauntlet | Found a large runed translucent door.
 18508 | Gauntlet | Found a large runed translucent door.
 18508 | Gauntlet | Found a runed translucent door.
 18509 | Gauntlet | Found a large runed translucent door.
 18514 | Gauntlet | Found a large runed translucent door.
 18515 | Gauntlet | Found a large runed translucent door.
 18516 | Gauntlet | Found a large runed translucent door.
 18518 | Gauntlet | Found a runed translucent gate.
 18522 | Gauntlet | Found a transporter.
 18540 | Gauntlet | Found a transporter.
 18540 | Gauntlet | Found a runed translucent gate.
 18541 | Gauntlet | Found a runed translucent gate.
 18542 | Gauntlet | Found a large runed translucent door.
 18542 | Gauntlet | Found a large runed translucent door.
 18543 | Gauntlet | Found a large runed translucent door.
 18544 | Gauntlet | Found a large runed translucent door.
 18605 | Gauntlet | Found a large runed translucent door.
 18605 | Gauntlet | Found a large runed translucent door.
 18605 | Gauntlet | Found a runed translucent door.
 18606 | Gauntlet | Found a large runed translucent door.
 18607 | Gauntlet | Found a large runed translucent door.
 18609 | Gauntlet | Found a transporter.
 18613 | Gauntlet | Found a transporter.
 18740 | Gauntlet | Identified the +2 robe "Uziw Giopn" {rF+ Dex+3}
 18932 | Lair:2   | Reached skill level 19 in Axes
 19151 | Lair:2   | Noticed Sonja
 19152 | Abyss:2  | Cast into level 2 of the Abyss (Sonja)
 19302 | Abyss:2  | Gained mutation: Your body sometimes deteriorates upon
                  | taking damage. [a neqoxec]
 19308 | Abyss:2  | Found a broken altar of Ashenzari.
 19330 | Abyss:2  | Found a broken altar of Ashenzari.
 19350 | Abyss:2  | Found a broken altar of Ashenzari.
 19357 | Abyss:2  | Identified the +5 war axe of the Final Decision {heavy,
                  | rElec rPois Dex+5} (Okawaru gifted it to you on level 2 of
                  | the Abyss)
 19357 | Abyss:2  | Received a gift from Okawaru
 19422 | Abyss:2  | Noticed a tentacled monstrosity
 19445 | Abyss:2  | Reached skill level 15 in Armour
 19459 | Abyss:2  | Lost mutation: Your body sometimes deteriorates upon taking
                  | damage. [potion of mutation]
 19459 | Abyss:2  | Gained mutation: You are agile. (Dex +4, Str/Int -1)
                  | [potion of mutation]
 19503 | Abyss:2  | Found a corrupted altar of Lugonu.
 19524 | Abyss:2  | Gained mutation: You are occasionally teleported next to
                  | monsters. [a neqoxec]
 19524 | Abyss:2  | Gained mutation: You occasionally lose the ability to read
                  | scrolls when taking damage. [a neqoxec]
 19547 | Abyss:2  | Found a corrupted altar of Lugonu.
 19547 | Abyss:2  | Found a corrupted altar of Lugonu.
 19575 | Lair:2   | Escaped the Abyss
 19576 | Lair:2   | Slain by Sonja

Illustrated notes

Levels and vault maps discovered:
D:1:      lightli_arrival_statue_moat, layout_loops_ring
D:2:      layout_rooms, serial_shops, shop, bh_walls_and_bars, uniq_robin,
          uniq_terence
D:3:      layout_loops_corners
D:4:      layout_loops_cross, serial_shops, nicolae_shop_overgrown_old_shop,
          nicolae_shop_tiny_statue_garden, nicolae_lakefront_shop,
          grunt_ministairs_8
D:5:      layout_basic, kennysheep_mini_moat, minmay_temple_entry_poolview,
          gup_sewer_entry_bowl, nicolae_stop_n_shop_1, serial_bayou_pond_a,
          uniq_prince_ribbit1
D:6:      layout_cave_pods, serial_column_ruins, column_ruins_square_medium,
          column_ruins_hut, column_ruins_open_tiny,
          column_ruins_columns_straight, column_ruins_grid_1,
          column_ruins_columns_straight, column_ruins_open_tiny, uniq_eustachio
D:7:      layout_loops_ring, nicolae_qazlal_style_of_elements, elyvilon_altar_3,
          roderic_roman_lattice
D:8:      layout_gridville, trog_hazing_becter, mainiacjoe_overflow_swirl,
          serial_bayou_lagoon_a
D:9:      layout_irregular_city, palyth_stone_intersect
D:10:     layout_basic, hiddenorc1_lemuel, serial_shops,
          nicolae_shop_tiny_statue_garden, enter_bailey_3, uniq_harold
D:11:     layout_loops_ring, dpeg_oklobed_lair, serial_bayou_lagoon_b,
          uniq_snorg
D:12:     layout_irregular_city, minivault_19, bh_hangedman_babel_library
D:13:     layout_loops_ring, serial_undead, serial_undead_d, serial_undead_d,
          serial_undead_e, serial_undead_a, serial_undead_b, serial_undead_a
D:14:     layout_basic, erik_vaults_2, serial_corexii_hall,
          corexii_hall_statues_i, corexii_hall_statues_l,
          lightli_corner_chamber, uniq_jorgrun
D:15:     grunt_enter_depths_magical_seal, layout_loops_ring,
          hellmonk_bongcloud_opening, serial_shops, shop_statue,
          grunt_ministairs_12
Temple:   eino_temple_scatter_basement
Lair:1:   layout_cave_pods, infiniplex_staircase_pool, serial_bayou_shore_b
Lair:2:   beast_lair_carwin_large_3, layout_regular_city,
          minmay_swamp_entry_worms, gauntlet_entry_generic,
          serial_bayou_shore_b, uniq_sonja

Skill      XL: |  1  2  3  4  5  6  7  8  9 10 11 12 13 14 15 |
---------------+----------------------------------------------+-----
Axes           | 3 4 5 6 7 10 13 17 18 19 | 19.9
Fighting       | 6 10 12 14 16 18 | 18.8
Invocations    | 3 5 7 8 10 11 | 11.4
Armour         | 5 7 9 10 12 13 15 | 15.2
Shields        | 6 7 9 |  9.3
Throwing       | 2 5 6 |  6.2

Action                     |  1- 3 |  4- 6 |  7- 9 | 10-12 | 13-15 || total
---------------------------+-------+-------+-------+-------+-------++-------
  Melee: War axe           |    82 |   154 |   241 |   236 |       ||   713
         Headbutt          |     7 |    22 |    42 |    81 |   178 ||   330
         Broad axe         |       |       |       |   163 |   489 ||   652
         Battleaxe         |       |       |       |       |   221 ||   221
  Throw: Boomerang         |       |       |     2 |     2 |     3 ||     7
 Invoke: Heroism           |       |       |       |     1 |     5 ||     6
         Finesse           |       |       |       |       |     1 ||     1
  Evoke: Wand              |       |       |       |     6 |     4 ||    10
    Use: Scroll            |       |    12 |     6 |    12 |     5 ||    35
         Potion            |       |       |     3 |     2 |     5 ||    10
   Stab: Paralysed         |       |       |       |     2 |       ||     2
         Petrified         |       |       |       |       |     8 ||     8
 Armour: Scale mail        |    50 |     9 |       |       |       ||    59
         Plate armour      |       |    89 |   175 |   294 |   167 ||   725
         Chain mail        |       |     2 |       |       |       ||     2
         Storm dragon scal |       |       |       |       |   269 ||   269
  Dodge: Dodged            |    50 |    60 |    64 |   151 |   356 ||   681
  Block: Buckler           |    19 |    31 |    46 |    96 |   135 ||   327

Table legend: (Time is in decaauts)
 A = Elapsed time spent in this place.
 B = Non-inter-level travel time spent in this place.
 C = Inter-level travel time spent in this place.
 D = Time resting spent in this place.
 E = Time spent auto-exploring this place.
 F = Levels seen in this place.
 G = Mean time per level.
                   A        B        C        D        E       F      G
               +--------+--------+--------+--------+--------+-----+--------+
         Total |  19561 |  18788 |    773 |   1234 |  12418 |  22 |  889.1 |
       Dungeon |  16326 |  15614 |    712 |    768 |  11380 |  15 | 1088.4 |
        Temple |     36 |      2 |     34 |      0 |      0 |   1 |   36.0 |
          Lair |   1492 |   1465 |     27 |    153 |    834 |   2 |  746.0 |
         Abyss |    454 |    454 |      0 |    174 |      0 |   1 |  454.0 |
         Sewer |    171 |    171 |      0 |      0 |      0 |   1 |  171.0 |
        Bailey |    712 |    712 |      0 |    115 |    203 |   1 |  712.0 |
      Gauntlet |    367 |    367 |      0 |     24 |      0 |   1 |  367.0 |
               +--------+--------+--------+--------+--------+-----+--------+

Top non-repeatable levels by time:
    D:15: 1744 daAuts
    D:13: 1636 daAuts
    D:14: 1482 daAuts
     D:8: 1322 daAuts
    D:10: 1194 daAuts
    D:11: 1096 daAuts
     D:3: 1009 daAuts
     D:9: 983 daAuts
     D:5: 913 daAuts
     D:6: 909 daAuts
     D:7: 877 daAuts
     D:1: 864 daAuts
  Lair:1: 835 daAuts
     D:4: 813 daAuts
    D:12: 803 daAuts
